 Dungeon Crawl Stone Soup version 0.28-a0-691-gad6df49e81 (webtiles) character file.

Game seed: 14533734776689574381

122990 PloPlo the Unseen (level 16, -7/103 (107) HPs)
             Began as a Spriggan Enchanter on Oct 20, 2021.
             Was the Champion of Dithmenos.
             Shot with an arrow by a deep elf archer (26 damage)
             ... on level 1 of the Elven Halls on Oct 21, 2021.
             The game lasted 01:48:44 (36211 turns).

PloPlo the Unseen (Spriggan Enchanter)             Turns: 36211, Time: 01:48:44

HP:   -7/103 (107)  AC:  9    Str:  9    XL:     16   Next: 35%
MP:   35/37         EV: 29    Int: 16    God:    Dithmenos [******]
Gold: 508           SH:  0    Dex: 19    Spells: 39/47 levels left

rFire   + + .      SeeInvis +   h - +5 dagger (venom)
rCold   + + +      Faith    .   (shield restricted)
rNeg    + . .      Spirit   .   V - +0 robe "Ycid" {rF+ Dex+3}
rPois   .          Reflect  .   (helmet restricted)
rElec   +          Harm     .   i - +2 cloak
rCorr   .          Rampage  .   (gloves unavailable)
Will    ++++.      Clarity  +   (boots unavailable) Stlth *****+++++
                                O - amulet of Vitality {Regen+ HP+15}
HPRegen 1.27/turn               b - ring "Ykky" {rF++ rC+++ Will+ Dex-2 Stlth+}
MPRegen 0.25/turn               T - ring "Yjujerut" {rElec rF- rN+ Will+ AC+4}

@: wreathed by umbra, lightly drained, very quick
A: very small, no large weapons, unfitting armour, see invisible, speed 3,
clarity, robust 1, electricity resistance
a: Renounce Religion, Shadow Step, Shadow Form


You were on level 1 of the Elven Halls.
You worshipped Dithmenos.
Dithmenos was exalted by your worship.
You visited 7 branches of the dungeon, and saw 27 of its levels.
You visited 1 bazaar.
You also visited: Ossuary, Gauntlet and Ice Cave.

You collected 3582 gold pieces.
You spent 3074 gold pieces at shops.

Inventory:

Hand Weapons
 h - a +5 dagger of venom (weapon)
 A - a +5 dagger
 W - a +1 dagger of electrocution
 X - a +1 rapier of protection
 Y - a +2 rapier of distortion
Missiles
 f - 10 atropa-tipped darts (quivered)
 p - 3 throwing nets
 v - 77 poisoned darts
 I - 4 curare-tipped darts
Armour
 i - a +2 cloak (worn)
 G - a +0 troll leather armour
 V - the +0 robe "Ycid" (worn) {rF+ Dex+3}
   (You bought it in a shop on level 2 of the Orcish Mines)

   Dex:       It affects your dexterity (+3).
   rF:        It protects you from fire.
Jewellery
 b - the ring "Ykky" (left hand) {rF++ rC+++ Will+ Dex-2 Stlth+}
   (You bought it in a shop in a bazaar)

   [ring of willpower]

   Dex:       It affects your dexterity (-2).
   rF:        It greatly protects you from fire.
   rC:        It renders you almost immune to cold.
   Will:      It increases your willpower.
   Stlth:     It makes you more stealthy.
 j - a +4 ring of evasion
 n - a +4 ring of protection
 q - the ring "Acuntety" {rPois rN++ Will+ Str-4 Dex+6}
   (You took it off a tengu warrior on level 8 of the Dungeon)

   [ring of dexterity]

   Str:       It affects your strength (-4).
   Dex:       It affects your dexterity (+6).
   rPois:     It protects you from poison.
   rN:        It greatly protects you from negative energy.
   Will:      It increases your willpower.
 w - an amulet of regeneration
 y - the ring "Duzi" {+Blink rN+ rCorr}
   (You found it on level 8 of the Dungeon)

   [ring of resist corrosion]

   rN:        It protects you from negative energy.
   +Blink:    It lets you blink.
   rCorr:     It protects you from acid and corrosion.
 z - the ring "Bosureng" {rPois MP+9 Slay+2 SInv Stlth-}
   (You found it on level 8 of the Dungeon)

   [ring of magical power]

   Slay:      It affects your accuracy & damage with ranged weapons and melee
   (+2).
   rPois:     It protects you from poison.
   MP:        It affects your magic capacity (+9).
   SInv:      It lets you see invisible.
   Stlth:     It makes you less stealthy.
 B - the amulet "Afaibed" {RegenMP Str+4}
   (You took it off an orc wizard on level 8 of the Dungeon)

   [amulet of magic regeneration]

   It increases your rate of magic regeneration.
   Str:       It affects your strength (+4).
 D - a ring of flight
 O - the amulet of Vitality (around neck) {Regen+ HP+15}
   (You found it in a Gauntlet)

   [amulet of regeneration]

   HP:        It affects your health (+15).
   Regen:     It increases your rate of health regeneration.
 T - the ring "Yjujerut" (right hand) {rElec rF- rN+ Will+ AC+4}
   (You bought it in a shop in a bazaar)

   [ring of protection]

   AC:        It affects your AC (+4).
   rF:        It makes you vulnerable to fire.
   rElec:     It insulates you from electricity.
   rN:        It protects you from negative energy.
   Will:      It increases your willpower.
Wands
 e - a wand of polymorph (13)
 C - a wand of charming (5)
 J - a wand of iceblast (10)
 Q - a wand of digging (5)
Scrolls
 a - 9 scrolls of identify
 l - 3 scrolls of blinking
 m - 8 scrolls of teleportation
 r - 4 scrolls of fear
 s - a scroll of amnesia
 E - 2 scrolls of silence
 F - 4 scrolls of magic mapping
 N - a scroll of summoning
 U - 3 scrolls of enchant armour
Potions
 c - 5 potions of flight
 d - 5 potions of curing
 g - 2 potions of mutation
 k - 3 potions of might
 o - a potion of ambrosia
 u - 3 potions of lignification
 x - 3 potions of magic
 K - 2 potions of brilliance
 L - a potion of cancellation
 M - 2 potions of berserk rage
 P - a potion of attraction
 S - a potion of invisibility
Miscellaneous
 t - a tin of tremorstones (1/2)
 R - a phantom mirror


   Skills:
 + Level 9.6 Fighting
 + Level 12.3 Short Blades
 + Level 2.6 Armour
 + Level 14.8 Dodging
 + Level 20.0 Stealth
 + Level 16.1 Spellcasting
 + Level 16.4 Hexes


You had 39 spell levels left.
You knew the following spells:

 Your Spells              Type           Power      Damage    Failure   Level
a - Ensorcelled Hibernat  Hex/Ice        78%        N/A       1%          2
b - Tukima's Dance        Hex            60%        N/A       1%          3
c - Dazzling Flash        Conj/Hex       78%        N/A       1%          3

Your spell library contained the following spells:

 Spells                   Type           Power      Damage    Failure   Level
 Slow                     Hex            60%        N/A       0%          2
 Confusing Touch          Hex            60%        N/A       1%          3
 Summon Guardian Golem    Hex/Summ       39%        N/A       1%          3
 Fulminant Prism          Conj/Hex       19%        3d11      1%          4
 Magic Dart               Conj           48%        1d5       4%          1
 Pain                     Necr           48%        1d6       4%          1
 Sandblast                Erth           24%        2d8       4%          1
 Corpse Rot               Necr/Air       24%        N/A       8%          2
 Passwall                 Tmut/Erth      10%        N/A       8%          2
 Poisonous Vapours        Pois/Air       24%        N/A       8%          2
 Searing Ray              Conj           24%        2d5       8%          2
 Sublimation of Blood     Necr           6%         N/A       8%          2
 Wereblood                Tmut           12%        N/A       8%          2
 Conjure Flame            Conj/Fire      12%        6-21      14%         3
 Ignite Poison            Fire/Tmut/Pois 12%        N/A       14%         3
 Spider Form              Tmut/Pois      6%         N/A       14%         3
 Stone Arrow              Conj/Erth      24%        3d8       14%         3
 Vampiric Draining        Necr           6%         2d6       14%         3
 Olgreb's Toxic Radiance  Pois           12%        N/A       43%         4
 Sticky Flame             Conj/Fire      12%        2d4       43%         4
 Agony                    Necr           12%        N/A       80%         5
 Excruciating Wounds      Necr           6%         N/A       80%         5
 Summon Forest            Summ/Tloc      6%         N/A       80%         5
 Eringya's Noxious Bog    Tmut/Pois      6%         N/A       100%        6
 Orb of Destruction       Conj           6%         9d3       100%        7
 Ozocubu's Refrigeration  Ice            6%         4d6       100%        7
 Spellforged Servitor     Conj/Summ      6%         N/A       100%        7
 Summon Hydra             Summ           6%         N/A       100%        7
 Ignition                 Fire           6%         3d4       100%        8


Dungeon Overview and Level Annotations

Branches:
Dungeon (15/15)            Temple (1/1) D:5            Lair (6/6) D:9
 Shoals (1/4) Lair:4        Snake (1/4) Lair:3        Slime (0/5) Lair:6
    Orc (2/2) D:9             Elf (1/3) Orc:2        Vaults (0/5) D:14
 Depths (0/4) D:15        Ossuary (visited)           IceCv (visited)
Gauntlet (visited)

Altars:
Ashenzari
Cheibriados
Dithmenos
Elyvilon
Fedhas
Gozag
Hepliaklqana
Kikubaaqudgha
Makhleb
Nemelex Xobeh
Okawaru
Qazlal
Ru
Sif Muna
Trog
Uskayaw
Vehumet
Wu Jian
Xom
Yredelemnul
Zin
The Shining One
Beogh
Jiyva

Shops:
D:4 [   D:8 [   D:15 *[([   Orc:1 [   Orc:2 *([(

Annotations:
Lair:6 1 runed translucent door
Orc:1 3 runed translucent doors, Dufo Axt's ghost, journeyman MfHu
Orc:2 3 runed translucent doors, yegreS's ghost, journeyman MiFi


Innate Abilities, Weirdness & Mutations

You are very small and have problems with some larger weapons.
You are too small for most types of armour.
You have supernaturally acute eyesight. (SInv)
You cover ground extremely quickly. (Speed+++)
You possess an exceptional clarity of mind.
You are robust. (+10% HP)
You are resistant to electric shocks. (rElec)


Message History

The deep elf archer is moderately wounded.
The deep elf archer shoots an arrow.
The arrow closely misses the deep elf knight.
The arrow hits you!!
* * * LOW HITPOINT WARNING * * *
The deep elf knight gestures at you while chanting.
The shard of ice hits you!! You partially resist.
* * * LOW HITPOINT WARNING * * *
Unknown command.
Unknown command.
Unknown command.
Unknown command.
You feel much better.
The deep elf archer shoots an arrow.
The arrow hits the deep elf knight!!
The deep elf knight dies!
Your Stealth skill increases to level 20!
Unknown command.
Unknown command.
Unknown command.
Unknown command.
Unknown command.
You don't have any such object.
Evoke which item? (* to show all) (? for menu, Esc to quit)
Okay, then.
Unknown command.
Unknown command.
Unknown command.
Aiming: Iceblast
Press: ? - help, Shift-Dir - straight line The mass of ice explodes!
The iceblast engulfs the deep elf archer.
The deep elf archer is lightly wounded.
The iceblast engulfs the deep elf archer!!
The deep elf archer is heavily wounded.
The deep elf archer unwields a +0 dagger.
The deep elf archer wields a +0 longbow.
The deep elf archer shoots an arrow.
The arrow hits you!
* * * LOW HITPOINT WARNING * * *
The deep elf archer shoots an arrow.
The arrow hits you!!
You die...

#........#.......#
##.......#.......#
#.......#.......#
#.......#.......# #
#.......#.......# ee
#..)....####...## .#
####.##.........##.#
#.##.##.......#e#
#.##.#..@...).ee#
#.>......$....e.#
####............#
#............#
###.........##
##.......##
##....?## ##...##
####


You could see 2 deep elf archers, a deep elf knight and a deep elf zephyrmancer.

Vanquished Creatures
  4 acid blobs (D:12)
  5 azure jellies (D:12)
  An orc warlord (Orc:2)
  2 deep elf sorcerers (Elf:1)
  A reaper (IceCv)
  A quicksilver ooze (D:12)
  A deep elf demonologist (D:13)
  A minotaur (Gauntlet)
  Azrael (D:15)
  Snorg (Lair:5)
  2 ettins
  3 vault guards (D:14)
  6 hydras
  2 death knights
  6 two-headed ogres
  3 boulder beetles
  The ghost of frompes the Unseen, a journeyman SpEn of Dithmenos (D:12)
  A centaur warrior (D:13)
  A merfolk aquamancer (Lair:4)
  3 dancing weapons (Elf:1)
  8 death yaks
  2 tengu warriors
  Urug (Orc:2)
  3 orc high priests (Orc:2)
  Nergalle (Orc:1)
  3 deep elf knights
  2 deep trolls (D:15)
  A glowing orange brain (D:12)
  2 phantasmal warriors (D:15)
  Pikel (D:5)
  2 necromancers (D:15)
  7 deep elf archers
  13 deep elf pyromancers
  5 deep elf zephyrmancers (Elf:1)
  2 orc knights (Orc:2)
  3 orc sorcerers
  An oklob plant (Lair:5)
  An orb spider (shapeshifter) (D:13)
  17 ugly things
  7 cyclopes
  A manticore (D:12)
  2 ice statues (IceCv)
  4 black mambas
  A black mamba (shapeshifter) (D:8)
  A torpor snail (Lair:6)
  A gargoyle (D:12)
  7 cane toads
  2 kobold demonologists
  An unseen horror (D:13)
  2 rime drakes
  9 komodo dragons
  4 freezing wraiths
  4 ice devils
  2 hellwings (D:10)
  2 anaconda simulacra (IceCv)
  12 polar bears
  3 meliai (D:14)
  8 trolls
  3 hornets
  3 raiju (Lair:6)
  18 slime creatures
  A snapping turtle (Lair:4)
  A meliai zombie (D:10)
  A vampire (D:10)
  An air elemental (Elf:1)
  4 shadows
  15 yaks
  3 wraiths
  6 fire elementals (D:15)
  8 humans (D:14)
  5 wyverns
  7 basilisks
  A fire bat (shapeshifter) (D:12)
  4 golden eyes (D:12)
  Menkaure (D:5)
  A death yak simulacrum (IceCv)
  9 wargs
  A steam dragon (D:7)
  A redback simulacrum (D:14)
  3 vampire mosquitoes (D:11)
  An acid dragon (D:8)
  Edmund (D:6)
  16 hell hounds
  14 water moccasins
  22 orc warriors
  2 ice beasts
  A sky beast (D:5)
  12 black bears
  4 necrophages
  11 centaurs
  5 boggarts (D:15)
  34 wolves
  14 ogres
  A lemure (D:5)
  Blork the orc (D:4)
  4 kobold brigands
  2 earth elementals
  A gnoll sergeant (D:11)
  12 bullfrogs
  A wyvern zombie (D:3)
  4 scorpions
  A two-headed ogre simulacrum (IceCv)
  2 water moccasin skeletons
  A water moccasin zombie (D:5)
  2 troll zombies (D:9)
  5 wights
  14 killer bees
  6 howler monkeys
  11 centaur zombies
  4 bullfrog zombies
  16 orc priests
  2 hounds
  A bullfrog skeleton (D:7)
  4 centaur skeletons
  3 iguanas
  25 orc wizards
  A killer bee zombie (D:8)
  A wolf simulacrum (IceCv)
  6 ogre zombies (D:9)
  10 mummies
  2 howler monkey zombies
  9 gnolls
  8 adders
  11 shadow imps
  2 white imps
  2 ufetubi
  A worm (D:4)
  85 orcs
  12 ball pythons
  9 endoplasms
  2 giant cockroaches
  3 gnoll zombies (Ossuary)
  2 goblins (D:3)
  4 hobgoblins
  5 jackals
  11 kobolds
  A quokka (D:2)
  3 bats
  3 frilled lizards
  2 goblin skeletons (D:9)
  2 goblin zombies (D:9)
  A hobgoblin skeleton (D:9)
  2 hobgoblin zombies (D:9)
  3 kobold zombies (Ossuary)
  An orc skeleton (D:9)
  16 orc zombies
  2 rats
773 creatures vanquished.

Vanquished Creatures (collateral kills)
  An orc warlord (Orc:2)
  A gargoyle (D:11)
  3 orc warriors (Orc:2)
  7 wights
  4 orc wizards
  A gnoll (D:11)
  7 orcs
  4 kobolds (D:8)
  2 goblin zombies (D:9)
  A hobgoblin zombie (D:9)
31 creatures vanquished.

Vanquished Creatures (others)
  A deep elf knight (Elf:1)
  A human (D:14)
  16 dancing weapons
  A killer bee (D:9)
  2 orcs (Orc:1)
  19 fungi
  41 plants
  4 toadstools (D:10)
  11 withered plants
96 creatures vanquished.

Grand Total: 900 creatures vanquished

Notes
Turn   | Place    | Note
-------+----------+-------------------------------------------
     0 | D:1      | PloPlo the Spriggan Enchanter began the quest for the Orb.
     0 | D:1      | Reached XP level 1. HP: 9/9 MP: 5/5
  1188 | D:2      | Reached XP level 2. HP: 3/13 MP: 7/7
  1191 | D:2      | Learned a level 2 spell: Ensorcelled Hibernation
  2743 | D:2      | Found a glowing silver altar of Zin.
  2788 | D:2      | Reached XP level 3. HP: 16/16 MP: 6/9
  2792 | D:2      | Learned a level 3 spell: Tukima's Dance
  2796 | D:2      | Learned a level 3 spell: Dazzling Flash
  3093 | D:2      | Reached skill level 5 in Hexes
  3093 | D:2      | Reached XP level 4. HP: 21/21 MP: 11/11
  3436 | D:3      | Reached skill level 5 in Spellcasting
  3436 | D:3      | Reached XP level 5. HP: 9/24 MP: 11/13
  4041 | D:3      | Gained mutation: You are occasionally teleported next to
                  | monsters. [potion of mutation]
  4049 | D:3      | Reached skill level 5 in Stealth
  4054 | D:3      | Lost mutation: You are occasionally teleported next to
                  | monsters. [potion of mutation]
  4054 | D:3      | Gained mutation: You are frail. (-10% HP) [potion of
                  | mutation]
  4054 | D:3      | Gained mutation: You are resistant to electric shocks.
                  | (rElec) [potion of mutation]
  4054 | D:3      | Gained mutation: Your muscles are strong. (Str +2) [potion
                  | of mutation]
  4054 | D:3      | Gained mutation: You possess an exceptional clarity of
                  | mind. [potion of mutation]
  4055 | D:3      | Lost mutation: Your muscles are strong. (Str +2) [potion of
                  | mutation]
  4055 | D:3      | Lost mutation: You are frail. (-10% HP) [potion of
                  | mutation]
  4055 | D:3      | Gained mutation: You are robust. (+10% HP) [potion of
                  | mutation]
  5040 | D:4      | Found Guufijan's Armour Shop.
  5145 | D:4      | Noticed Blork the orc
  5156 | D:4      | Killed Blork the orc
  5157 | D:4      | Reached XP level 6. HP: 15/30 MP: 8/15
  5515 | D:4      | Reached skill level 6 in Stealth
  5628 | D:5      | Entered Level 5 of the Dungeon
  5728 | D:5      | Noticed a sky beast
  5746 | D:5      | Killed a sky beast
  5747 | D:5      | Reached XP level 7. HP: 35/35 MP: 10/17
  5870 | D:5      | Reached skill level 7 in Stealth
  6307 | D:5      | Reached skill level 8 in Stealth
  6501 | D:5      | Found a staircase to the Ecumenical Temple.
  6507 | Temple   | Entered the Ecumenical Temple
  6518 | Temple   | Became a worshipper of Dithmenos the Shadowed
  6547 | D:5      | Reached XP level 8. HP: 39/39 MP: 17/20
  6596 | D:5      | Noticed Pikel
  6615 | D:5      | Killed Pikel
  6616 | D:5      | Reached skill level 10 in Stealth
  6719 | D:5      | Noticed Menkaure
  6972 | D:5      | Killed Menkaure
  7200 | D:6      | Found an opulent altar of Gozag.
  7226 | D:6      | Found a sand-covered staircase.
  7232 | Ossuary  | Entered an ossuary
  7661 | Ossuary  | Reached * piety under Dithmenos
  7681 | Ossuary  | Reached XP level 9. HP: 42/42 MP: 22/22
  8164 | D:6      | Noticed Edmund
  8191 | D:6      | Killed Edmund
  8437 | D:6      | Reached skill level 11 in Stealth
  9073 | D:6      | Reached skill level 10 in Hexes
  9818 | D:6      | Reached skill level 1 in Fighting
  9989 | D:6      | Reached ** piety under Dithmenos
 10162 | D:7      | Reached skill level 10 in Spellcasting
 10175 | D:7      | Found a shimmering blue altar of Sif Muna.
 10199 | D:7      | Reached skill level 12 in Stealth
 10752 | D:8      | Noticed a two-headed ogre
 10764 | D:8      | Reached XP level 10. HP: 48/50 MP: 25/25
 10820 | D:8      | Killed a two-headed ogre
 11065 | D:8      | Noticed a two-headed ogre
 11067 | D:8      | Noticed a black mamba
 11068 | D:8      | Reached skill level 5 in Dodging
 11076 | D:8      | Killed a black mamba
 11081 | D:8      | Killed a two-headed ogre
 11109 | D:8      | Noticed a two-headed ogre
 11131 | D:8      | Killed a two-headed ogre
 11132 | D:8      | Reached skill level 13 in Stealth
 11182 | D:8      | Identified the ring "Acuntety" {rPois rN++ Will+ Str-4
                  | Dex+6}
 11182 | D:8      | Noticed a tengu warrior
 11269 | D:8      | Killed a tengu warrior
 11474 | D:8      | Noticed a cyclops
 11485 | D:8      | Killed a cyclops
 11549 | D:8      | Noticed a brown ugly thing
 11558 | D:8      | Killed a brown ugly thing
 11559 | D:8      | Reached skill level 5 in Short Blades
 11559 | D:8      | Reached XP level 11. HP: 57/57 MP: 23/27
 11597 | D:8      | Identified the ring "Duzi" {+Blink rN+ rCorr}
 11606 | D:8      | Identified the ring "Bosureng" {rPois MP+9 Slay+2 SInv
                  | Stlth-}
 11614 | D:8      | Found a runed translucent door.
 11615 | D:8      | Noticed a death knight
 11616 | D:8      | Noticed a boulder beetle
 11699 | D:8      | Identified the amulet "Afaibed" {RegenMP Str+4}
 11700 | D:8      | Found Omonueme's Antique Armour Boutique.
 11951 | D:8      | Killed a boulder beetle
 11996 | D:8      | Killed a death knight
 12258 | D:9      | Reached *** piety under Dithmenos
 12613 | D:9      | Found a sparkling altar of Nemelex Xobeh.
 12688 | D:9      | Identified the +1 leather armour "Gutiahan" {Int+2 Dex+2
                  | Stlth+}
 12947 | D:9      | Found a staircase to the Orcish Mines.
 13172 | D:9      | Reached skill level 14 in Stealth
 13222 | D:9      | Reached **** piety under Dithmenos
 13558 | D:9      | Found a broken altar of Ashenzari.
 13739 | D:9      | Found a staircase to the Lair.
 13872 | D:10     | Entered Level 10 of the Dungeon
 14189 | D:10     | Noticed a two-headed ogre
 14200 | D:10     | Killed a two-headed ogre
 15346 | D:10     | Reached skill level 5 in Fighting
 15346 | D:10     | Reached XP level 12. HP: 66/66 MP: 28/28
 15782 | D:11     | Reached ***** piety under Dithmenos
 15881 | D:11     | Reached skill level 15 in Stealth
 16328 | D:12     | Found a runed translucent gate.
 16328 | D:12     | Found a runed translucent gate.
 16330 | D:12     | Found a runed translucent gate.
 16330 | D:12     | Noticed an acid blob
 16330 | D:12     | Noticed a quicksilver ooze
 16330 | D:12     | Noticed an acid blob
 17140 | D:12     | Noticed a two-headed ogre
 17144 | D:12     | Killed a two-headed ogre
 17226 | D:12     | Noticed an azure jelly
 17226 | D:12     | Noticed frompes's ghost (journeyman SpEn)
 17239 | D:12     | Noticed an acid blob
 17239 | D:12     | Noticed an acid blob
 17239 | D:12     | Noticed an azure jelly
 17239 | D:12     | Noticed an azure jelly
 17240 | D:12     | Found a viscous altar of Jiyva.
 17240 | D:12     | Noticed an azure jelly
 17241 | D:12     | Noticed an azure jelly
 17645 | D:13     | Noticed a centaur warrior
 17650 | D:13     | Killed a centaur warrior
 17651 | D:13     | Reached skill level 10 in Dodging
 18257 | D:13     | Noticed a two-headed ogre
 18263 | D:13     | Reached skill level 16 in Stealth
 18265 | D:13     | Killed a two-headed ogre
 18266 | D:13     | Reached XP level 13. HP: 71/71 MP: 30/30
 18927 | D:13     | You fall into a shaft and drop 2 floors!
 18927 | D:15     | Entered Level 15 of the Dungeon
 19476 | D:14     | Found a white marble altar of Elyvilon.
 19966 | D:14     | Noticed a deep elf demonologist
 19972 | D:14     | Noticed a green death
 19993 | D:13     | Killed a deep elf demonologist
 20619 | D:14     | Reached skill level 17 in Stealth
 21287 | D:14     | Found a gate to the Vaults.
 21465 | Lair:1   | Entered Level 1 of the Lair of Beasts
 21608 | Lair:1   | Identified a scroll of acquirement
 21608 | Lair:1   | Acquired 834 gold pieces
 21753 | Lair:1   | Reached ****** piety under Dithmenos
 21762 | Lair:1   | Found a frozen archway.
 21785 | IceCv    | Entered an ice cave
 22445 | IceCv    | Noticed a reaper
 22447 | IceCv    | Killed a reaper
 22448 | IceCv    | Reached XP level 14. HP: 79/79 MP: 32/32
 23996 | Lair:3   | Identified the +7 flail of Unreason {antimagic, Str-5 Int+3
                  | Dex+2}
 24006 | Lair:3   | Found a staircase to the Snake Pit.
 24293 | Lair:3   | Reached skill level 10 in Short Blades
 25212 | Lair:4   | Found a staircase to the Shoals.
 25467 | Lair:5   | Found a gate leading to a gauntlet.
 25478 | Gauntlet | Entered a Gauntlet
 25478 | Gauntlet | Found a transporter.
 25478 | Gauntlet | Found a transporter.
 25478 | Gauntlet | Found a transporter.
 25488 | Gauntlet | Found a transporter.
 25491 | Gauntlet | Found a transporter.
 25497 | Gauntlet | Found a runed translucent gate.
 25497 | Gauntlet | Found a runed translucent gate.
 25497 | Gauntlet | Found a runed translucent gate.
 25499 | Gauntlet | Found a transporter.
 25502 | Gauntlet | Found a transporter.
 25510 | Gauntlet | Found a transporter.
 25528 | Gauntlet | Found a transporter.
 25534 | Gauntlet | Found a transporter.
 25536 | Gauntlet | Found a transporter.
 25546 | Gauntlet | Found a transporter.
 25564 | Gauntlet | Found the amulet of Vitality {Regen+ HP+15}
 25897 | Lair:5   | Noticed Snorg
 26007 | Lair:5   | Killed Snorg
 26275 | Lair:5   | Reached skill level 18 in Stealth
 26959 | Lair:6   | Entered Level 6 of the Lair of Beasts
 27351 | Lair:6   | Reached skill level 15 in Hexes
 28330 | Lair:6   | Reached XP level 15. HP: 83/84 MP: 34/34
 28473 | Lair:6   | Reached skill level 15 in Spellcasting
 28632 | Lair:6   | Found a runed translucent door.
 28632 | Lair:6   | Found a viscous altar of Jiyva.
 28632 | Lair:6   | Noticed an azure jelly
 28632 | Lair:6   | Noticed an azure jelly
 28635 | Lair:6   | Found a staircase to the Slime Pits.
 29194 | Orc:1    | Entered Level 1 of the Orcish Mines
 29203 | Orc:1    | Noticed Nergalle
 29210 | Orc:1    | Killed Nergalle
 29640 | Orc:1    | Found a runed translucent gate.
 29641 | Orc:1    | Found a runed translucent gate.
 29643 | Orc:1    | Found a runed translucent gate.
 29653 | Orc:1    | Noticed Dufo Axt's ghost (journeyman MfHu)
 29679 | Orc:1    | Found Beliom's Antique Armour Boutique.
 30146 | Orc:2    | Entered Level 2 of the Orcish Mines
 30146 | Orc:2    | Noticed an orc warlord
 30161 | Orc:2    | Noticed Urug
 30192 | Orc:2    | Found a flickering gateway to a bazaar.
 30215 | Bazaar   | Entered a bazaar
 30288 | Bazaar   | Found Zejal's Magic Scroll Shoppe.
 30335 | Bazaar   | Found Plog's Book Boutique.
 30371 | Bazaar   | Found Ygaadebo's Jewellery Shoppe.
 30401 | Bazaar   | Found Ileowkot's Jewellery Shoppe.
 30439 | Bazaar   | Bought the ring "Ykky" {rF++ rC+++ Will+ Dex-2 Stlth+} for
                  | 1329 gold pieces
 30471 | Bazaar   | Bought the ring "Yjujerut" {rElec rF- rN+ Will+ AC+4} for
                  | 580 gold pieces
 30553 | Bazaar   | Bought a scroll of enchant armour for 52 gold pieces
 30553 | Bazaar   | Bought a scroll of teleportation for 21 gold pieces
 30553 | Bazaar   | Bought a scroll of magic mapping for 24 gold pieces
 30553 | Bazaar   | Bought a scroll of enchant armour for 52 gold pieces
 30713 | Orc:2    | Found a staircase to the Elven Halls.
 30785 | Orc:2    | Found a runed translucent gate.
 30786 | Orc:2    | Found a runed translucent gate.
 30835 | Orc:2    | Found a runed translucent gate.
 30838 | Orc:2    | Noticed yegreS's ghost (journeyman MiFi)
 30968 | Orc:2    | Killed Urug
 31039 | Orc:2    | Killed an orc warlord
 31112 | Orc:2    | Noticed an orc warlord
 31388 | Orc:2    | Found Doari's Antique Weapon Emporium.
 31392 | Orc:2    | Found Mohianaf's Antique Armour Shoppe.
 31410 | Orc:2    | Bought a sheer robe for 176 gold pieces
 31410 | Orc:2    | Identified the +0 robe "Ycid" {rF+ Dex+3} (You bought it in
                  | a shop on level 2 of the Orcish Mines)
 31463 | Orc:2    | Killed an orc warlord
 31658 | Orc:2    | Found Zorac's Weapon Emporium.
 31763 | Orc:2    | Reached skill level 19 in Stealth
 31865 | Orc:2    | Found Huinauwk's Assorted Antiques.
 31883 | Orc:2    | Bought a potion of berserk rage for 200 gold pieces
 31883 | Orc:2    | Bought 2 potions of invisibility for 640 gold pieces
 32252 | Orc:2    | Upgraded the game from 0.28-a0-689-ga55568f2eb to
                  | 0.28-a0-691-gad6df49e81
 32491 | D:15     | Found Lifis's Antique Armour Emporium.
 32515 | D:15     | Found Efuy's General Store.
 32516 | D:15     | Identified the +3 hand axe of Fate {vamp, Dex+4}
 32689 | D:15     | Found a staircase to the Depths.
 32845 | D:15     | Noticed Azrael
 32846 | D:15     | Found Potus's Weapon Shop.
 32847 | D:15     | Killed Azrael
 32854 | D:15     | Identified the +2 pair of gloves of Qilaguaj {*Corrode
                  | rPois SInv}
 32883 | D:15     | Found Cuq Urun's Antique Armour Shop.
 33720 | D:12     | Killed an azure jelly
 33720 | D:12     | Killed an acid blob
 33720 | D:12     | Killed an azure jelly
 33724 | D:12     | Killed an acid blob
 33724 | D:12     | Killed an acid blob
 33725 | D:12     | Reached skill level 1 in Armour
 33725 | D:12     | Killed an azure jelly
 33733 | D:12     | Killed an azure jelly
 33738 | D:12     | Killed an azure jelly
 33743 | D:12     | Killed an acid blob
 33744 | D:12     | Reached XP level 16. HP: 62/92 MP: 33/36
 33746 | D:12     | Killed frompes's ghost
 34026 | Snake:1  | Entered Level 1 of the Snake Pit
 34138 | Shoals:1 | Entered Level 1 of the Shoals
 34355 | Elf:1    | Entered Level 1 of the Elven Halls
 35059 | Elf:1    | Paralysed by an air elemental for 1 turns
 36211 | Elf:1    | Reached skill level 20 in Stealth
 36211 | Elf:1    | Shot with an arrow by a deep elf archer

Illustrated notes

Levels and vault maps discovered:
D:1:      dpeg_arrival_chambers_temple_mockup, layout_basic,
          amcnicky_mini_rare_corridor_liquid
D:2:      layout_basic, basic_altar
D:3:      kennysheep_big_flooded_room, layout_basic, minmay_crystal_room,
          kennysheep_generic_room_3
D:4:      layout_cave_pools, serial_shops, shop, st_stairs_4,
          minmay_misc_feat_columns, uniq_blork_the_orc
D:5:      layout_basic, minmay_temple_entry_hall, nrook_pool_corridor,
          uniq_pikel, uniq_menkaure
D:6:      layout_basic, overflow_temple_1_default, nicolae_ossuary_entry_plus,
          eino_small_chamber_without_monster, uniq_edmund
D:7:      layout_rooms, led_sif_pool
D:8:      minmay_the_grid_triangle_9x9_recursive_2
          [minmay_the_grid_triangle_9x9_prize_special,
          minmay_the_grid_triangle_9x9_subtriangle,
          minmay_the_grid_triangle_9x9_swiss_cheese,
          minmay_the_grid_triangle_9x9_sparse_checkered], layout_basic,
          minmay_misc_feat_tiny, chequers_serial_rivers_room_b,
          kennysheep_windowed_goal
D:9:      layout_basic, nemelex_altar_shiori, ashenzari_conservatory_becter,
          lair_entry_dummy, zombieorc2_lemuel, supply_closet_lemuel, uniq_harold
D:10:     cheibrodos_grave_circle, layout_irregular_city,
          minmay_gold_behind_fungi
D:11:     layout_basic
D:12:     layout_loops_ring, gammafunk_ghost_ooze, serial_undead,
          serial_undead_f, serial_undead_e, serial_undead_b, serial_undead_f
D:13:     layout_roguey
D:14:     layout_rooms, ximxim_vaults_locker_room, elyvilon_altar_5
D:15:     hangedman_depths_entry_civil_slaughter, layout_basic,
          minmay_misc_feat_chi, serial_shops, shop, shop, shop, shop,
          patterned_corridor, uniq_azrael
Temple:   nicolae_temple_no_exploring_needed
Lair:1:   layout_regular_city, portal_ice_cave_demonic_guard
Lair:2:   layout_loops_ring, grunt_megastairs_1
Lair:3:   layout_cave_pods, dummy_snake_entry, serial_bayou_crossing,
          grunt_megastairs_4
Lair:4:   layout_misc_corridors, minmay_shoals_entry_hut
Lair:5:   layout_cave_pods, gauntlet_entry_generic, uniq_snorg
Lair:6:   hangedman_lair_caniforms_friends, layout_cave_pods, slime_altar_2
Shoals:1: nicolae_shoals_lighthouse, layout_shoals,
          nicolae_shoals_cliffside_cave, nicolae_shoals_spectral_cove,
          uniq_mlioglotl
Snake:1:  layout_gridlike, nrook_loot_triangle, grunt_megastairs_5, uniq_aizul
Orc:1:    layout_caves, serial_shops, nicolae_shop_behind_doors,
          gammafunk_ghost_split, uniq_nergalle
Orc:2:    grunt_orc_community_town_hall, layout_diamond_mine,
          grunt_orc_community_big_house_1, grunt_orc_community_big_house_2,
          grunt_orc_community_house_1, grunt_orc_community_house_3,
          grunt_orc_community_house_2, grunt_orc_community_house_2,
          serial_shops, bzr_entry_gold, gammafunk_ghost_necromancy,
          special_room, uniq_urug
Elf:1:    elf_arrival_002, layout_loops_cross, minivault_28

Skill      XL: |  1  2  3  4  5  6  7  8  9 10 11 12 13 14 15 16 |
---------------+-------------------------------------------------+-----
Spellcasting   | 3 4 5 6 7 8 10 11 12 13 14 15 16 | 16.1
Hexes          | 4 5 6 7 9 10 11 12 13 14 15 16 | 16.4
Stealth        | 5 6 8 10 12 13 14 16 17 18 19 20 | 20.0
Dodging        | 4 6 8 10 11 13 14 | 14.8
Short Blades   | 2 5 6 8 9 10 12 | 12.3
Fighting       | 1 3 5 6 7 8 9 |  9.6
Armour         | 1 2 |  2.6

Action                   |  1- 3 |  4- 6 |  7- 9 | 10-12 | 13-15 | 16-18 || total
-------------------------+-------+-------+-------+-------+-------+-------++-------
Melee: Dagger            |    90 |   139 |   369 |  1238 |  1946 |   219 ||  4001
Throw: Dart              |       |       |     7 |     3 |       |       ||    10
 Cast: Ensorcelled Hiber |    13 |    10 |    24 |    69 |   171 |    39 ||   326
       Tukima's Dance    |       |       |     8 |    49 |    69 |    14 ||   140
       Dazzling Flash    |       |       |       |    12 |    13 |     2 ||    27
Invok: Shadow Step       |       |       |       |       |     7 |     3 ||    10
Evoke: Wand              |       |       |    11 |     8 |   141 |     5 ||   165
       Tin of tremorston |       |       |       |       |     3 |     1 ||     4
  Use: Scroll            |     3 |     4 |    10 |     6 |    14 |       ||    37
       Potion            |       |     6 |       |     5 |     5 |     4 ||    20
 Stab: Sleeping          |    16 |    14 |    37 |    55 |   162 |    20 ||   304
       Invisible         |       |     3 |       |     4 |     8 |       ||    15
       Distracted        |       |       |     1 |     7 |    13 |       ||    21
Armor: Robe              |     8 |    11 |    28 |   149 |   160 |     8 ||   364
Dodge: Dodged            |    70 |    97 |   277 |  1307 |  1732 |   129 ||  3612

Table legend: (Time is in decaauts)
 A = Elapsed time spent in this place.
 B = Non-inter-level travel time spent in this place.
 C = Inter-level travel time spent in this place.
 D = Time resting spent in this place.
 E = Time spent auto-exploring this place.
 F = Levels seen in this place.
 G = Mean time per level.
                   A        B        C        D        E       F      G
               +--------+--------+--------+--------+--------+-----+--------+
         Total |  26747 |  25568 |   1179 |   6114 |  11614 |  31 |  862.8 |
       Dungeon |  17103 |  16341 |    762 |   4044 |   7561 |  15 | 1140.2 |
        Temple |     12 |      8 |      4 |      0 |      0 |   1 |   12.0 |
          Lair |   4303 |   4000 |    303 |    244 |   2509 |   6 |  717.2 |
        Shoals |     11 |     11 |      0 |      0 |      0 |   1 |   11.0 |
     Snake Pit |     36 |     36 |      0 |      0 |     15 |   1 |   36.0 |
  Orcish Mines |   2477 |   2371 |    106 |    450 |   1002 |   2 | 1238.5 |
   Elven Halls |    887 |    887 |      0 |    420 |    231 |   1 |  887.0 |
        Bazaar |    222 |    222 |      0 |      0 |    112 |   1 |  222.0 |
       Ossuary |    776 |    776 |      0 |    475 |     71 |   1 |  776.0 |
      Ice Cave |    648 |    648 |      0 |    425 |      0 |   1 |  648.0 |
      Gauntlet |    266 |    266 |      0 |     54 |    111 |   1 |  266.0 |
               +--------+--------+--------+--------+--------+-----+--------+

Top non-repeatable levels by time:
    D:13: 1920 daAuts
   Orc:2: 1805 daAuts
     D:3: 1620 daAuts
     D:2: 1552 daAuts
     D:8: 1483 daAuts
     D:6: 1460 daAuts
  Lair:6: 1315 daAuts
    D:14: 1203 daAuts
     D:5: 1104 daAuts
    D:10: 1084 daAuts
    D:12: 1077 daAuts
     D:9: 970 daAuts
     D:1: 939 daAuts
    D:15: 891 daAuts
   Elf:1: 887 daAuts
